 Dungeon Crawl Stone Soup version 0.31-a0-234-gad7ace16ef (webtiles) character file.

Game seed: 1521055103775346949

179 qw the Shooter (level 5, -2/32 HPs)
             Began as a Gargoyle Hexslinger on July 9, 2023.
             Slain by a gnoll
             ... wielding a +0 whip
              (5 damage)
             ... on level 3 of the Dungeon.
             The game lasted 00:01:01 (2548 turns).

qw the Shooter (Gargoyle Hexslinger)                Turns: 2548, Time: 00:01:01

Health: -2/32      AC:  8    Str: 18    XL:     5   Next: 59%
Magic:  15/15      EV: 12    Int: 13    God:
Gold:   146        SH:  5    Dex: 14    Spells: 5/6 levels left

rFire   . . .        Y - +2 sling
rCold   . . .        (no shield)
rNeg    + . .        e - +1 robe "Kyg Joeh" {MP+9 Slay+3}
rPois   inf          j - +1 hat
rElec   +            (no cloak)
rCorr   +            (no gloves)
SInv    .            (no boots)
Will    .....        m - amulet of reflection
Stlth   +            k - ring of resist corrosion
HPRegen 0.25/turn    p - +6 ring of strength
MPRegen 0.14/turn

%: reflection
@: no status effects
A: sickness immunity, AC +4, negative energy resistance 1, electricity
resistance, torment resistance 1, petrification resistance
a: no special abilities


You were on level 3 of the Dungeon.
You visited 1 branch of the dungeon, and saw 4 of its levels.

You collected 146 gold pieces.


Innate Abilities, Weirdness & Mutations

You are immune to sickness and miasma.
Your stone body is resilient. (AC +4)
You are immune to poison.
You resist negative energy. (rN+)
You are resistant to electric shocks. (rElec)
You are resistant to unholy torment.
You are immune to petrification.


   Skills:
 + Level 2.8 Fighting
 - Level 5.0 Ranged Weapons
 - Level 1.5 Dodging
 - Level 1.0 Spellcasting
 - Level 2.6 Hexes


You had 5 spell levels left.
You knew the following spells:

 Your Spells              Type           Power      Damage    Failure   Level
a - Slow                  Hex            28%        N/A       10%         1

Your spell library contained the following spells:

 Spells                   Type           Power      Damage    Failure   Level
 Inner Flame              Hex/Fire       4%         N/A       43%         3
 Portal Projectile        Hex/Tloc       8%         N/A       43%         3
 Cause Fear               Hex            3%         N/A       67%         4

Inventory:

Hand Weapons
 Y - a +2 sling (weapon)
Armour
 e - the +1 robe "Kyg Joeh" (worn) {MP+9 Slay+3}
   (You found it on level 3 of the Dungeon)

   Slay:      It affects your accuracy & damage with ranged weapons and melee
   (+3).
   MP:        It affects your magic capacity (+9).
 j - a +1 hat (worn)
Jewellery
 k - a ring of resist corrosion (left hand)
 m - an amulet of reflection (around neck)
 p - a +6 ring of strength (right hand)
Scrolls
 c - a scroll of identify
Potions
 b - a potion of enlightenment {unknown}
 d - a potion of brilliance {unknown}
 f - a potion of magic {unknown}
 h - a potion of berserk rage {unknown}
 i - a potion of curing {unknown}
 o - a potion of degeneration {unknown}

Dungeon Overview and Level Annotations

Branches:
Dungeon (4/15)
 Temple: D:4-7

Altars:
Fedhas
Ru

Shops:
D:1 (   D:2 :


Message History

2538 ||| STAIRDANCE You block the hound's attack.
The hound bites you but does no damage. The gnoll hits you but does no damage.
The gnoll hits you with a +0 spear. The gnoll misses you.
You climb upwards.
There is a stone staircase leading down here.
You shoot a sling bullet. The sling bullet hits the gnoll.
The gnoll is severely wounded.
The hound barely misses you. The gnoll hits you with a +0 whip.
You block the gnoll's attack. The hound bites you.
You shoot a sling bullet. The sling bullet hits the gnoll!
You kill the gnoll!
The hound bites you but does no damage. The gnoll hits you with a +0 whip.
You shoot a sling bullet.
The sling bullet barely misses the hound.
The hound bites you. The gnoll hits you with a +0 whip.
The hound bites you but does no damage.
You shoot a sling bullet. The sling bullet hits the hound.
The hound is lightly wounded.
The hound barely misses you. The gnoll barely misses you.
The hound bites you but does no damage.
You shoot a sling bullet. The sling bullet hits the hound.
The hound is moderately wounded.
You block the gnoll's attack. The hound bites you but does no damage.
The gnoll hits you with a +0 whip.
You shoot a sling bullet. The sling bullet hits the hound.
The hound is moderately wounded.
The hound misses you. You block the hound's attack.
The gnoll barely misses you.
You shoot a sling bullet. The sling bullet hits the hound!
The hound is severely wounded.
You block the hound's attack. The hound completely misses you.
The gnoll misses you.
You shoot a sling bullet. The sling bullet hits the hound.
The hound is almost dead.
The hound barely misses you. The gnoll hits you with a +0 whip.
You block the hound's attack.
You shoot a sling bullet. The sling bullet hits the hound.
You kill the hound!
The gnoll hits you with a +0 whip.
You die...

....##.#.........####.........#
.....#.##.......## #..#.####.#
...#.#.###.....## #.##.## #.#
.......# ##...## #.##..# #.#
####.### ##'## #.###.###.# #.#
#.########.........# #.#
#.........####.#####
####.#######..######.# #.#
...............g@.##.####.#
.###.##..#.....##)........# .#
#.##..##...######.###### .#
#.....###..# #.# .# #####.#
#..######.# .# #.# #.........#
.#######.# #.#########
.........# #<# ########## #:#


You could see a gnoll.

Vanquished Creatures
  A hound (D:3)
  Natasha (D:3)
  2 gnolls
  7 adders
  A worm (D:2)
  4 dart slugs
  5 bats
  5 endoplasms
  5 giant cockroaches
  7 goblins
  9 hobgoblins
  9 kobolds
  2 quokkas
  3 ball pythons
  2 rats (D:2)
63 creatures vanquished.

Notes
Turn   | Place    | Note
-------+----------+-------------------------------------------
     0 | D:1      | qw the Gargoyle Hexslinger began the quest for the Orb.
     0 | D:1      | Reached XP level 1. HP: 12/12 MP: 2/2
     0 | D:1      | 0 ||| qw: Version: 0.3-a-51-g015441d
     0 | D:1      | 0 ||| qw: Game counter: 4292
     0 | D:1      | 0 ||| qw: Melee chars always use a shield: true
     0 | D:1      | 0 ||| qw: God list: Okawaru
     0 | D:1      | 0 ||| qw: Allow faded altars: false
     0 | D:1      | 0 ||| qw: Do Orc after clearing Dungeon:15 true
     0 | D:1      | 0 ||| qw: Do second Lair branch before Depths: true
     0 | D:1      | 0 ||| qw: Lair rune preference: random
     0 | D:1      | 0 ||| qw: Goals: Normal
     0 | D:1      | 0 ||| PLANNING D:1-11
   131 | D:1      | Found a faded altar of an unknown god.
   222 | D:1      | Reached XP level 2. HP: 16/16 MP: 3/3
   334 | D:1      | Reached skill level 3 in Ranged Weapons
   411 | D:1      | Found Nad Hib's Weapon Shoppe.
   570 | D:1      | Reached XP level 3. HP: 21/21 MP: 4/4
   868 | D:1      | 868 ||| UPGRADING to +0 leather armour.
   878 | D:1      | 878 ||| DROPPING +0 robe.
   879 | D:1      | 879 ||| UPGRADING to ring of resist corrosion.
   880 | D:1      | 880 ||| READING scroll labelled GUNKYV YTIWE.
   881 | D:1      | 881 ||| READING scroll labelled PEUSUTR PISU.
   882 | D:1      | 882 ||| READING scroll labelled CINGEO FUPP.
   883 | D:1      | 883 ||| READING scroll labelled IJUCKU JESIF.
   884 | D:1      | 884 ||| READING scroll labelled TUOFASH RAQESI.
   885 | D:1      | 885 ||| DROPPING scroll of poison.
   949 | D:2      | 949 ||| STAIRDANCE
  1052 | D:2      | Found Milloyrhy's Book Shop.
  1073 | D:2      | Reached XP level 4. HP: 26/26 MP: 5/5
  1088 | D:2      | Found a sacrificial altar of Ru.
  1099 | D:2      | Reached skill level 4 in Ranged Weapons
  1759 | D:3      | Found a blossoming altar of Fedhas.
  1822 | D:3      | Identified the +1 robe "Kyg Joeh" {MP+9 Slay+3}
  2149 | D:3      | Reached XP level 5. HP: 29/30 MP: 6/6
  2394 | D:3      | 2394 ||| UPGRADING to +1 robe "Kyg Joeh" {MP+9 Slay+3}.
  2404 | D:3      | 2404 ||| UPGRADING to +1 hat.
  2409 | D:3      | 2409 ||| DROPPING +0 leather armour.
  2469 | D:3      | 2469 ||| UPGRADING to amulet of reflection.
  2474 | D:3      | 2474 ||| UPGRADING to +6 ring of strength.
  2475 | D:3      | 2475 ||| READING scroll labelled HAGUBE OSIA.
  2476 | D:3      | 2476 ||| READING scroll labelled JAPEOGGEYRIPS.
  2477 | D:3      | 2477 ||| READING 2 scrolls of identify.
  2477 | D:3      | 2477 ||| IDENTIFYING amethyst potion
  2478 | D:3      | 2478 ||| DROPPING potion of ambrosia.
  2513 | D:4      | Noticed Natasha
  2516 | D:4      | Reached skill level 5 in Ranged Weapons
  2520 | D:4      | 2520 ||| STAIRDANCE
  2524 | D:3      | Killed Natasha
  2538 | D:4      | 2538 ||| STAIRDANCE
  2542 | D:3      | HP: 8/32 [hound (5)]
  2547 | D:3      | HP: 3/32 [gnoll/+0 whip (2)]
  2548 | D:3      | Slain by a gnoll

Levels and vault maps discovered:
D:1:      dpeg_arrival_morbid_curiosity, layout_loops_ring,
          ebering_ecumenical_altar_abandoned, serial_shops,
          nicolae_shop_waterfront, item_on_display_a
D:2:      layout_loops_cross, serial_shops, nicolae_shop_statue_plus,
          basic_altar
D:3:      layout_loops_corners, lemuel_round_altar,
          hangedman_abyss_or_decor_stabs
D:4:      layout_loops_cross, mainiacjoe_overflow_small_starburst,
          minmay_temple_entry_mist, nzn_random_ring, uniq_natasha,
          uniq_crazy_yiuf_cottage, uniq_sigmund, uniq_grinder

Skill      XL: |  1  2  3  4  5 |
---------------+----------------+-----
Ranged Weapons | 3 4 5 |  5.0
Fighting       | 2 |  2.8
Dodging        | |  1.5
Spellcasting   | |  1.0
Hexes          | |  2.6

Action                     |  1- 3 |  4- 6 || total
---------------------------+-------+-------++-------
   Fire: Sling             |   150 |    93 ||   243
    Use: Scroll            |     5 |     3 ||     8
 Armour: Robe              |    21 |     9 ||    30
         Leather armour    |    18 |    18 ||    36
  Dodge: Dodged            |    80 |    45 ||   125
  Block: Other             |       |     9 ||     9

Table legend:
 A = Non-vault XP
 B = Vault XP
 C = Vault XP percentage of total XP
 D = Non-vault monster count
 E = Vault monster count
 F = Vault count percentage of total count
                 A         B        C        D         E       F
            +---------+---------+-------+---------+---------+-------
      Total |     254 |      44 |  14.8 |      57 |       6 |   9.5
            +---------+---------+-------+---------+---------+-------
        D:1 |      36 |       9 |  20.0 |      19 |       5 |  20.8
        D:2 |      74 |       0 |   0.0 |      22 |       0 |   0.0
        D:3 |     130 |      35 |  21.2 |      15 |       1 |   6.2
        D:4 |      14 |       0 |   0.0 |       1 |       0 |   0.0
            +---------+---------+-------+---------+---------+-------
